 Dungeon Crawl Stone Soup version 0.27.1 (webtiles) character file.

Game seed: 15423521922338695685

27 Descartes the Sneak (level 2, -2/14 HPs)
             Began as a Felid Delver on Sept 3, 2021.
             Slain by a scorpion zombie (6 damage)
             ... on level 5 of the Dungeon.
             The game lasted 00:00:49 (131 turns).

Descartes the Sneak (Felid Delver)                   Turns: 131, Time: 00:00:50

Health: -2/14      AC:  1    Str:  8    XL:     2   Next: 93%
Magic:  3/3        EV: 18    Int: 11    God:
Gold:   0          SH:  0    Dex: 17    Spells: 1/1 levels left
                                        Lives:  0   Deaths: 0

rFire    . . .     SeeInvis +     - Unarmed
rCold    . . .     Faith    .   (shield unavailable)
rNeg     . . .     Spirit   .   (armour unavailable)
rPois    .         Reflect  .   (helmet unavailable)
rElec    .         Harm     .   (cloak unavailable)
rCorr    .         Rampage  .   (gloves unavailable)
Will     .....                  (boots unavailable)
Stlth    ++++......             (no amulet)
HPRegen  0.04/turn              (no ring)
MPRegen  0.08/turn              (no ring)

@: quick
A: very small, claws 1, fangs 3, see invisible, speed 1, shaggy fur 1, stealthy
paws, no weapons or thrown items, no armour, multi-lived
a: no special abilities


You were on level 5 of the Dungeon.
You visited 1 branch of the dungeon, and saw 1 of its levels.

Inventory:

Wands
 e - a wand of digging (3)
 f - a wand of paralysis (7)
Scrolls
 a - a scroll of fog
 b - 2 scrolls of magic mapping
 c - a scroll of fear
Potions
 d - a potion of haste


   Skills:
 - Level 3.0 Fighting
 + Level 3.3 Dodging
 * Level 7.2 Stealth
 + Level 2.4 Unarmed Combat


You had one spell level left.
You didn't know any spells.
Your spell library was empty.

Dungeon Overview and Level Annotations

Branches:
Dungeon (5/15)
 Temple: D:4-7

Altars:


Innate Abilities, Weirdness & Mutations

You have sharp claws.
You have razor-sharp teeth.
You have supernaturally acute eyesight. (SInv)
You cover ground quickly. (Speed+)
You are covered in fur. (AC +1)
Your paws help you pounce on unaware monsters.
You are incapable of wielding weapons or throwing items.
You cannot wear armour.
You gain extra lives every three experience levels.


Message History

You scratch the bullfrog skeleton.
The bullfrog skeleton is lightly damaged.
The bullfrog skeleton closely misses you.
You scratch the bullfrog skeleton but do no damage.
The bullfrog skeleton is lightly damaged.
The bullfrog skeleton closely misses you.
You scratch the bullfrog skeleton.
The bullfrog skeleton is lightly damaged.
The bullfrog skeleton hits you.
The bullfrog skeleton hits you but does no damage.
You scratch the bullfrog skeleton.
The bullfrog skeleton is moderately damaged.
The bullfrog skeleton misses you.
You scratch the bullfrog skeleton. You bite the bullfrog skeleton.
The bullfrog skeleton is heavily damaged.
The bullfrog skeleton closely misses you.
You scratch the bullfrog skeleton. You bite the bullfrog skeleton.
The bullfrog skeleton is almost destroyed.
The bullfrog skeleton closely misses you.
You barely miss the bullfrog skeleton.
The bullfrog skeleton is almost destroyed.
The bullfrog skeleton hits you.
The bullfrog skeleton completely misses you.
You scratch the bullfrog skeleton.
The bullfrog skeleton is almost destroyed.
The bullfrog skeleton closely misses you.
You completely miss the bullfrog skeleton.
The bullfrog skeleton is almost destroyed.
The bullfrog skeleton hits you.
* * * LOW HITPOINT WARNING * * *
You scratch the bullfrog skeleton.
You destroy the bullfrog skeleton!
Your Dodging skill increases to level 3!
Your Stealth skill increases to level 7!
You have reached level 2!
A scorpion zombie comes into view.
You scratch the scorpion zombie.
The scorpion zombie is lightly damaged.
The scorpion zombie hits you.
You die...

#......########## ####
#......##.......###
#....#..................
#....#..#...##.......###
#.......+...+...........
#....#..#...############
#... #..#...# #..
#.Z#...# ## #.@#####
#......... #.######## ..
###


You could see a scorpion zombie.

Vanquished Creatures
  A bullfrog skeleton (D:5)
1 creature vanquished.

Notes
Turn   | Place    | Note
-------+----------+-------------------------------------------
     0 | D:5      | Descartes the Felid Delver began the quest for the Orb.
     0 | D:5      | Reached XP level 1. HP: 10/10 MP: 2/2
    88 | D:5      | Noticed a centaur
   121 | D:5      | Reached skill level 7 in Stealth
   121 | D:5      | Reached XP level 2. HP: 4/14 MP: 3/3
   131 | D:5      | Slain by a scorpion zombie

Illustrated notes

Levels and vault maps discovered:
D:5:      cheibrodos_quashed, layout_basic, uniq_crazy_yiuf_cottage

Skill      XL: |  1 |
---------------+----+-----
Dodging        | 3 |  3.3
Stealth        | 7 |  7.2
Fighting       | |  3.0
Unarmed Combat | |  2.4

Action                   || total
-------------------------++-------
Melee: Unarmed           ||    11
       Bite              ||     2
Armor: Skin              ||     1
Dodge: Dodged            ||     8
